 Dungeon Sprint DCSS version 0.21.0-24-g2553a33 (webtiles) character file.

58 letownia2 the Grappler (level 3, -4/36 HPs)
             Began as a Troll Skald on Jan 20, 2018.
             Was an Initiate of Makhleb.
             Slain by a jumping spider (7 damage)
             ... in the Dungeon (Sprint V: "Ziggurat Sprint").
             The game lasted 00:01:51 (100 turns).

letownia2 the Grappler (Troll Skald)                 Turns: 100, Time: 00:01:52

Health: -4/36      AC: 21    Str: 19    XL:     3   Next: 76%
Magic:  3/3        EV:  0    Int: 10    God:    Makhleb [......]
Gold:   0          SH:  0    Dex:  9    Spells: 3/4 levels left

rFire    + . .     SeeInvis .     - Unarmed
rCold    + . .     Gourm    +   (no shield)
rNeg     . . .     Faith    .   k - +5 gold dragon scales
rPois    +         Spirit   .   (helmet restricted)
rElec    .         Reflect  .   (no cloak)
rCorr    .         Harm     .   (gloves unavailable)
MR       .....     NoTele   +   (boots unavailable)
Stlth    ..........             (no amulet)
HPRegen  0.52/turn              (no ring)
MPRegen  0.08/turn              (no ring)

@: held
A: large, unfitting armour, claws 3, fast metabolism 3, gourmand, regeneration
1, shaggy fur 1, tough skin 2
a: Renounce Religion


You were in the Dungeon.
You worshipped Makhleb.
Makhleb was noncommittal.
You were not hungry.

You visited 1 branch

Inventory:

Hand Weapons
 M - the +8 lance "Wyrmbane" {slay drac, rPois rF+ rC+ AC+3}
   (You found it in the Dungeon)

   It affects your AC (+3).
   It protects you from fire.
   It protects you from cold.
   It protects you from poison.
Armour
 a - a +0 robe
 j - +5 fire dragon scales
 k - +5 gold dragon scales (worn)
 l - +5 ice dragon scales
 m - +5 shadow dragon scales
 n - +5 storm dragon scales
 D - a +3 large shield
 N - the +18 shield of the Gong {rElec rN+ MR+ EV-5}
   (You found it in the Dungeon)

   It affects your evasion (-5).
   It insulates you from electricity.
   It protects you from negative energy.
   It affects your resistance to hostile enchantments.
Jewellery
 E - a +6 ring of dexterity
 F - a +6 ring of dexterity
 G - a +6 ring of intelligence
 H - a +6 ring of intelligence
 I - a +6 ring of strength
 J - a +6 ring of strength
 K - an uncursed ring of flight
Wands
 A - a wand of disintegration (5)
 B - a wand of iceblast (5)
 C - a wand of acid (7)
Scrolls
 i - 4 scrolls of blinking
 u - 4 scrolls of amnesia
 v - 7 scrolls of fog
 w - a scroll of holy word
 x - 5 scrolls of identify
 y - 5 scrolls of remove curse
 z - 2 scrolls of fear
Potions
 d - 7 potions of curing
 e - 10 potions of heal wounds
 f - 6 potions of haste
 g - 7 potions of magic
 h - 3 potions of berserk rage
 o - 2 potions of brilliance
 p - 2 potions of invisibility
 q - 4 potions of resistance
 s - 5 potions of agility
 t - 5 potions of might
Books
 b - a book of Battle

   Spells                             Type                      Level
   a - Infusion                       Charms                       1
   b - Shroud of Golubria             Charms/Translocation         2
   c - Song of Slaying                Charms                       2
   d - Spectral Weapon                Hexes/Charms                 3
   e - Regeneration                   Charms/Necromancy            3
Miscellaneous
 L - a lightning rod (4/4)
Comestibles
 c - 8 rations


   Skills:
 + Level 2.9 Fighting
 + Level 2.2 Armour
 - Level 1.9 Dodging
 + Level 8.3 Unarmed Combat
 - Level 1.2 Spellcasting
 - Level 2.0 Charms


You had 3 spell levels left.
You knew the following spells:

 Your Spells              Type           Power        Failure   Level  Hunger
a - Infusion              Chrm           #...         100%        1    ##.....


Dungeon Overview and Level Annotations

Branches:
Dungeon (1/1)

Altars:
Ashenzari
Cheibriados
Dithmenos
Elyvilon
Fedhas
Gozag
Hepliaklqana
Kikubaaqudgha
Makhleb
Nemelex Xobeh
Okawaru
Qazlal
Ru
Sif Muna
Trog
Uskayaw
Vehumet
Wu Jian
Xom
Yredelemnul
Zin
The Shining One
Beogh
Jiyva
Lugonu

Annotations:
D 1 transporter


Innate Abilities, Weirdness & Mutations

You are too large for most types of armour.
You have claws for hands.
Your metabolism is lightning-fast.
You like to eat raw meat.
Your natural rate of healing is unusually fast.
You are covered in fur. (AC +1)
You have very tough skin. (AC +2)


Message History

Unknown command.
Unknown command.
Evoke which item? (* to show all) (? for menu, Esc to quit)
Aiming: Iceblast
Press: ? - help, Shift-Dir - straight line, f/p - jumping spider
Aim: a jumping spider (heavily wounded, clinging)
The mass of ice explodes!
The iceblast engulfs the jumping spider.
The jumping spider is almost dead.
Unknown command.
Unknown command.
Unknown command.
Your gold dragon scales prevents you from hitting the jumping spider.
The jumping spider is almost dead.
The jumping spider pounces on you.
* * * LOW HITPOINT WARNING * * *
You are caught in a web!
The jumping spider bites you but does no damage.
The jumping spider pounces on you!
You die...

▓▓▓▓▓▓▓
▓.8©8.▓
▓.....▓
▓.[.).▓
▓....§▓
▓.....▓
▓..©s@▓
▓▓▓▓▓▓▓


You could see a jumping spider.

Vanquished Creatures
  A scorpion (D)
1 creature vanquished.

Notes
Turn   | Place    | Note
-------+----------+-------------------------------------------
     0 | D        | Found the +6 Majin-Bo {vamp, Archmagi MP+6 Int+6}
     0 | D        | Found the +7 great mace "Firestarter" {inner flame, rF++}
     0 | D        | letownia2 the Troll Skald began the quest for the Orb.
     0 | D        | Reached XP level 1. HP: 19/19 MP: 1/1
     3 | D        | Found a blossoming altar of Fedhas.
     6 | D        | Found a deep blue altar of Sif Muna.
     6 | D        | Found a sacrificial altar of Ru.
     6 | D        | Found a bloodstained altar of Trog.
     6 | D        | Found a stormy altar of Qazlal.
     6 | D        | Found an iron altar of Okawaru.
     6 | D        | Found a sparkling altar of Nemelex Xobeh.
     8 | D        | Found a transporter.
     8 | D        | Found an ancient bone altar of Kikubaaqudgha.
     8 | D        | Found a viscous altar of Jiyva.
     8 | D        | Found a corrupted altar of Lugonu.
     8 | D        | Found a hazy altar of Hepliaklqana.
     8 | D        | Found a burning altar of Makhleb.
     8 | D        | Found an opulent altar of Gozag.
    43 | D        | Found the +9 heavy crossbow "Sniper" {velocity, Acc+∞ SInv}
    43 | D        | Found the +10 dark maul {crush}
    43 | D        | Found the +15 Maxwell's patent armour {-Cast -Tele rElec MR+ rCorr}
    43 | D        | Found the +18 shield of the Gong {rElec rN+ MR+ EV-5}
    43 | D        | Found the cursed +14 obsidian axe {chop, +Fly SInv *Curse}
    44 | D        | Found the +6 shillelagh "Devastator" {shatter}
    44 | D        | Found the +11 plutonium sword {*Contam Stlth-}
    44 | D        | Found the +8 lance "Wyrmbane" {slay drac, rPois rF+ rC+ AC+3}
    44 | D        | Found the +9 sword of Zonguldrok {reap}
    44 | D        | Found the cursed +13 scythe of Curses {drain, *Curse}
    44 | D        | Found the +0 sword of Power
    44 | D        | Found the +2 mace of Variability {chaos}
    44 | D        | Found the +7 Singing Sword
    44 | D        | Found the +7 longbow "Piercer" {penet, EV-2}
    59 | D        | Became a worshipper of Makhleb the Destroyer
    61 | D        | Reached skill level 7 in Unarmed Combat
    61 | D        | Reached XP level 2. HP: 27/27 MP: 2/2
    77 | D        | Entered arena 2.
    77 | D        | Noticed a jumping spider
    77 | D        | Noticed a scorpion
    77 | D        | Found a transporter.
    89 | D        | Killed a scorpion
    89 | D        | Reached skill level 8 in Unarmed Combat
    89 | D        | Reached XP level 3. HP: 8/36 MP: 3/3
   100 | D        | Slain by a jumping spider

Skill      XL: |  1  2 |
---------------+-------+-----
Unarmed Combat | 7 8 |  8.3
Fighting       | 2 |  2.9
Armour         | 2 |  2.2
Dodging        | |  1.9
Spellcasting   | |  1.2
Charms         | |  2.0

Action                   || total
-------------------------++-------
Melee: Unarmed           ||    12
Evoke: Wand              ||     4
  Use: Potion            ||     4
Armor: Gold dragon scale ||    25
